PHILADELPHIA Flyers vs SEATTLE Kraken

Created - 3 mars 2024 at 14:48

Goals
1 2 3 T
PHILADELPHIA Flyers 0 1 1 2
SEATTLE Kraken 0 0 0 0
Shots
1 2 3 T
PHILADELPHIA Flyers 7 20 14 41
SEATTLE Kraken 10 7 13 30

1st period

No Goal

Penalties :
Jordan Gross (SEA) for Roughing (Minor) at 2:23, Radko Gudas (SEA) for High sticking (Minor) at 7:36, Nick Schmaltz (PHI) for Tripping (Minor) at 11:58, Justin Schultz (PHI) for Slashing (Minor) at 14:00, Arber Xhekaj (SEA) for Interference (Minor) at 19:33

2nd period

1. PHILADELPHIA Flyers , Justin Schultz 6 (Ben Chiarot 19, Connor Hellebuyck) at 0:32 (PP)

Penalties :
Jordan Gross (SEA) for Cross-checking (Minor) at 2:40, Radko Gudas (SEA) for Holding (Minor) at 8:09, Givani Smith (SEA) for Interference (Minor) at 10:36, Givani Smith (SEA) for Holding (Minor) at 17:37, Matt Martin (SEA) for Slashing (Minor) at 18:42

3rd period

2. PHILADELPHIA Flyers , Nick Schmaltz 9 (Mike Hoffman 12) at 2:49

Penalties :
Shea Weber (PHI) for Cross-checking (Minor) at 3:57, Arber Xhekaj (SEA) for Holding (Minor) at 7:10, Josh Leivo (PHI) for Delaying the game (Minor) at 9:20, Ryan Kesler (SEA) for High sticking (Minor) at 18:27, Justin Schultz (PHI) for Tripping (Minor) at 18:27

Goalie Stats

Connor Hellebuyck (PHI), 30 saves from 30 shots - (1,000), W, 19-14-2, 60:00 minutes
Sergei Bobrovsky (SEA), 39 saves from 41 shots - (0,951), L, 9-20-6, 60:00 minutes

Players Stats for PHILADELPHIA Flyers

Player Name              G  A  P  +/- PIM S  H  SB GA TA FO     MP     PP MP  PK MP  
------------------------------------------------------------------------------------
Adam Erne                0  0  0   0  0   4  4  0  0  0  0/0    15:40   7:33   0:00 
Alexander Edler          0  0  0   0  0   0  0  1  0  0  0/0    19:42   8:36   0:00 
Ben Chiarot              0  1  1   1  0   2  1  1  0  0  0/0    24:49   6:45   3:31 
Chris Tierney            0  0  0   0  0   4  0  0  0  0  5/8     5:31   0:00   0:00 
Claude Giroux            0  0  0   0  0   7  2  2  0  0  3/4    27:16   8:24   5:05 
Jakub Voracek            0  0  0   0  0   1  0  1  0  0  0/0     5:31   0:00   0:00 
Joel Edmundson           0  0  0   0  0   1  5  2  0  0  0/0    16:11   0:36   4:12 
Jonathan Drouin          0  0  0   0  0   1  0  0  0  0  0/1     9:05   0:00   0:58 
Josh Leivo               0  0  0   0  2   2  0  0  0  0  0/0     5:41   0:00   0:11 
Justin Schultz           1  0  1   0  4   2  0  0  0  0  0/0    17:00   6:45   1:05 
Leon Draisaitl           0  0  0   0  0   7  2  1  0  0  14/21  27:16   8:24   5:05 
Mike Hoffman             0  1  1   1  0   1  1  0  0  0  2/3    16:04   7:33   0:00 
Nick Schmaltz            1  0  1   1  2   5  2  0  0  0  14/28  18:22   7:48   1:53 
Noah Juulsen             0  0  0   0  0   0  2  2  0  0  0/0    14:46   0:00   4:00 
Sam Gagner               0  0  0   0  0   0  0  0  0  0  3/9     8:43   0:36   0:00 
Sean Couturier           0  0  0   0  0   2  0  0  0  0  12/20  15:06   0:00   2:40 
Sean Monahan             0  0  0   1  0   1  0  0  0  0  6/9    16:15   7:33   0:00 
Shea Weber               0  0  0   1  2   1  2  1  0  0  0/0    27:29   9:12   3:04 

Players Stats for SEATTLE Kraken

Player Name              G  A  P  +/- PIM S  H  SB GA TA FO     MP     PP MP  PK MP  
------------------------------------------------------------------------------------
Arber Xhekaj             0  0  0  -1  4   0  2  0  0  0  0/0    11:06   0:00   0:02 
Brendan Lemieux          0  0  0  -1  0   2  3  0  0  0  9/21   26:25   3:50   9:56 
Givani Smith             0  0  0   0  4   3  0  0  0  0  0/0     8:59   0:00   0:00 
Jake Gardiner            0  0  0   0  0   0  0  1  0  0  0/0    26:32   3:29   7:58 
Jakub Zboril             0  0  0  -1  0   0  1  3  0  0  0/0    24:03   3:29   8:30 
Joel Hanley              0  0  0   0  0   1  1  1  0  0  0/0    21:52   4:27   7:53 
John Hayden              0  0  0   0  0   0  0  0  0  0  0/0     0:00   0:00   0:00 
Jordan Greenway          0  0  0  -1  0   6  1  1  0  0  2/9    21:29   3:50   5:53 
Jordan Gross             0  0  0   0  4   0  3  0  0  0  0/0    16:03   0:00   5:49 
Liam O'Brien             0  0  0   0  0   2  1  0  0  0  2/2    12:58   0:00   0:03 
Luke Kunin               0  0  0  -1  0   4  0  1  0  0  13/29  25:48   3:50  10:12 
Mathieu Olivier          0  0  0   0  0   3  1  0  0  0  3/9     9:01   0:00   0:00 
Matt Martin              0  0  0   0  2   1  3  0  0  0  0/0    21:56   4:06   4:55 
Matty Beniers            0  0  0   0  0   3  0  0  0  0  13/25  17:01   4:06   0:00 
Radko Gudas              0  0  0   0  4   2  6  2  0  0  0/0    20:18   4:27   1:42 
Ryan Kesler              0  0  0   0  2   1  0  0  0  0  0/0     2:24   0:00   0:00 
Wayne Simmonds           0  0  0   0  0   2  2  0  0  0  0/2    13:07   4:06   0:00 
Zack MacEwen             0  0  0   0  0   0  1  0  0  0  2/6     2:25   0:00   0:00 

3 Stars

1 - Connor Hellebuyck (PHI)
2 - Sergei Bobrovsky (SEA)
3 - Nick Schmaltz (PHI)

Power Play

PHILADELPHIA Flyers - 1 on 9 Attempt(s) - 11,11%
SEATTLE Kraken - 0 on 4 Attempt(s) - 0,00%

Penalty Kill

PHILADELPHIA Flyers - 4 on 4 Attempt(s) - 100,00% - Score 0 goal in Penalty Kill
SEATTLE Kraken - 8 on 9 Attempt(s) - 88,89% - Score 0 goal in Penalty Kill

Team Stat

PHILADELPHIA Flyers - Hits : 21 - Faceoff Wins : 59 - Blocked Shots : 11 - Penalty Minutes : 10
SEATTLE Kraken - Hits : 25 - Faceoff Wins : 44 - Blocked Shots : 9 - Penalty Minutes : 20

Official

Referees : Kendrick Nicholson and Kelly Sutherland
Linesman : Sara Strong and Erica Holmes

Game Notes

No Game Note

Finance

Level 1 -- Attendance: 5081 (84,68%) -- Ticket Income $508,100
Level 2 -- Attendance: 4167 (83,34%) -- Ticket Income $250,020
Level 3 -- Attendance: 2000 (100,00%) -- Ticket Income $70,000
Level 4 -- Attendance: 2684 (67,10%) -- Ticket Income $67,100
Luxury Box -- Attendance: 874 (87,40%) -- Ticket Income $174,800
Total Attendance: 14806 (82,26%)
Total Ticket Income: $1,070,020
Other Income: $267,505
Total Income: $1,337,525

PHILADELPHIA Flyers

5 vs 5 Forward 
   Center                   Left Wing                Right Wing               Time % Phy DF OF 
 1 Sean Couturier           Leon Draisaitl           Claude Giroux            50     1   2  2  
 2 Nick Schmaltz            Mike Hoffman             Sean Monahan             25     1   2  2  
 3 Sam Gagner               Jonathan Drouin          Adam Erne                15     1   2  2  
 4 Chris Tierney            Jakub Voracek            Josh Leivo               10     1   2  2  

5 vs 5 Defense 
   Defense                  Defense                                           Time % Phy DF OF 
 1 Ben Chiarot              Shea Weber                                        40     1   2  2  
 2 Alexander Edler          Justin Schultz                                    30     1   2  2  
 3 Joel Edmundson           Noah Juulsen                                      20     1   2  2  
 4 Alexander Edler          Shea Weber                                        10     1   2  2  

PowerPlay Forward 
   Center                   Left Wing                Right Wing               Time % Phy DF OF 
 1 Nick Schmaltz            Leon Draisaitl           Claude Giroux            60     1   2  2  
 2 Sean Monahan             Mike Hoffman             Adam Erne                40     1   2  2  

PowerPlay Defense
   Defense                  Defense                                           Time % Phy DF OF 
 1 Alexander Edler          Shea Weber                                        60     1   2  2  
 2 Ben Chiarot              Justin Schultz                                    40     1   2  2  

Penalty Kill 4 Players Forward 
   Center                   Wing                     Time % Phy DF OF 
 1 Leon Draisaitl           Claude Giroux            60     1   2  2  
 2 Sean Couturier           Nick Schmaltz            40     1   2  2  

Penalty Kill 4 Players Defense
   Defense                  Defense                  Time % Phy DF OF 
 1 Noah Juulsen             Ben Chiarot              60     1   2  2  
 2 Shea Weber               Joel Edmundson           40     1   2  2  

Penalty Kill - 3 Players Forward 
   Forward                                           Time % Phy DF OF 
 1 Leon Draisaitl                                    60     1   2  2  
 2 Claude Giroux                                     40     1   2  2  

Penalty Kill - 3 Players Defense
   Defense                  Defense                  Time % Phy DF OF 
 1 Shea Weber               Ben Chiarot              60     1   2  2  
 2 Justin Schultz           Joel Edmundson           40     1   2  2  

4 vs 4 Forward 
   Center                   Wing                     Time % Phy DF OF 
 1 Leon Draisaitl           Claude Giroux            60     1   2  2  
 2 Sean Monahan             Nick Schmaltz            40     1   2  2  

4 vs 4 Defense
   Defense                  Defense                  Time % Phy DF OF 
 1 Justin Schultz           Ben Chiarot              60     1   2  2  
 2 Shea Weber               Joel Edmundson           40     1   2  2  

Last Minutes Offensive
   Center                   Left Wing                Right Wing               Defense                  Defense                  
   Claude Giroux            Leon Draisaitl           Nick Schmaltz            Shea Weber               Ben Chiarot              

Last Minutes Defensive
   Center                   Left Wing                Right Wing               Defense                  Defense                  
   Sean Monahan             Jonathan Drouin          Claude Giroux            Alexander Edler          Justin Schultz           

Goaltenders
Starting : Connor Hellebuyck        
Backup : Arturs Silovs            

Extra Forwards
Normal : Sam Gagner, Adam Erne, Jonathan Drouin - PP : Sam Gagner, Adam Erne - PK : Jonathan Drouin
Extra Defensemen
Normal : Justin Schultz, Alexander Edler, Shea Weber - PP : Alexander Edler - PK : Shea Weber, Noah Juulsen
Penalty Shots
Leon Draisaitl, Claude Giroux, Jonathan Drouin, Nick Schmaltz, Mike Hoffman

Scratches
None

SEATTLE Kraken

5 vs 5 Forward 
   Center                   Left Wing                Right Wing               Time % Phy DF OF 
 1 Luke Kunin               Brendan Lemieux          Jordan Greenway          40     1   2  2  
 2 Matty Beniers            Matt Martin              Liam O'Brien             30     1   2  2  
 3 Zack MacEwen             Ryan Kesler              Brendan Lemieux          20     1   2  2  
 4 Mathieu Olivier          Wayne Simmonds           Givani Smith             10     1   2  2  

5 vs 5 Defense 
   Defense                  Defense                                           Time % Phy DF OF 
 1 Radko Gudas              Jake Gardiner                                     40     1   2  2  
 2 Jakub Zboril             Arber Xhekaj                                      30     1   2  2  
 3 Jordan Gross             Joel Hanley                                       20     1   2  2  
 4 Radko Gudas              Jake Gardiner                                     10     1   2  2  

PowerPlay Forward 
   Center                   Left Wing                Right Wing               Time % Phy DF OF 
 1 Luke Kunin               Brendan Lemieux          Jordan Greenway          60     1   2  2  
 2 Matty Beniers            Matt Martin              Wayne Simmonds           40     1   2  2  

PowerPlay Defense
   Defense                  Defense                                           Time % Phy DF OF 
 1 Radko Gudas              Joel Hanley                                       60     1   2  2  
 2 Jakub Zboril             Jake Gardiner                                     40     1   2  2  

Penalty Kill 4 Players Forward 
   Center                   Wing                     Time % Phy DF OF 
 1 Brendan Lemieux          Luke Kunin               60     1   2  2  
 2 Jordan Greenway          Matt Martin              40     1   2  2  

Penalty Kill 4 Players Defense
   Defense                  Defense                  Time % Phy DF OF 
 1 Jake Gardiner            Jordan Gross             60     1   2  2  
 2 Jakub Zboril             Joel Hanley              40     1   2  2  

Penalty Kill - 3 Players Forward 
   Forward                                           Time % Phy DF OF 
 1 Jordan Greenway                                   60     1   2  2  
 2 Luke Kunin                                        40     1   2  2  

Penalty Kill - 3 Players Defense
   Defense                  Defense                  Time % Phy DF OF 
 1 Radko Gudas              Joel Hanley              60     1   2  2  
 2 Jakub Zboril             Jordan Gross             40     1   2  2  

4 vs 4 Forward 
   Center                   Wing                     Time % Phy DF OF 
 1 Luke Kunin               Jordan Greenway          60     1   2  2  
 2 Brendan Lemieux          Matt Martin              40     1   2  2  

4 vs 4 Defense
   Defense                  Defense                  Time % Phy DF OF 
 1 Joel Hanley              Jake Gardiner            60     1   2  2  
 2 Jakub Zboril             Jordan Gross             40     1   2  2  

Last Minutes Offensive
   Center                   Left Wing                Right Wing               Defense                  Defense                  
   Luke Kunin               Brendan Lemieux          Jordan Greenway          Radko Gudas              Jake Gardiner            

Last Minutes Defensive
   Center                   Left Wing                Right Wing               Defense                  Defense                  
   Luke Kunin               Brendan Lemieux          Jordan Greenway          Radko Gudas              Jake Gardiner            

Goaltenders
Starting : Sergei Bobrovsky         
Backup : Laurent Brossoit         

Extra Forwards
Normal : Jordan Greenway, Brendan Lemieux, Luke Kunin - PP : Luke Kunin, Brendan Lemieux - PK : Luke Kunin
Extra Defensemen
Normal : Jordan Gross, Joel Hanley, Jakub Zboril - PP : Jakub Zboril - PK : Joel Hanley, Jakub Zboril
Penalty Shots
Brendan Lemieux, Luke Kunin, Jordan Greenway, Matt Martin, Wayne Simmonds

Scratches
Carey Price (Healthy)

% Time on Ice - PHILADELPHIA Flyers

Lines # - Real PCT - Wanted PCT - Time Play
Normal Forward
1 - 36% - 50% - 12:26
2 - 25% - 25% - 8:31
3 - 23% - 15% - 8:07
4 - 16% - 10% - 5:31
Normal Defense
1 - 39% - 40% - 13:38
2 - 27% - 30% - 9:12
3 - 31% - 20% - 10:46
4 - 3% - 10% - 0:59
PP Forward
1 - 53% - 60% - 8:24
2 - 47% - 40% - 7:33
PP Defense
1 - 58% - 60% - 9:12
2 - 42% - 40% - 6:45
PK Forward
1 - 66% - 60% - 5:16
2 - 34% - 40% - 2:40
PK Defense
1 - 47% - 60% - 3:44
2 - 53% - 40% - 4:12
PK3 Forward
1 - 0% - 60%
2 - 0% - 40%
PK3 Defense
1 - 0% - 60%
2 - 0% - 40%
44 Forward
1 - 88% - 60% - 1:21
2 - 12% - 40% - 0:11
44 Defense
1 - 60% - 60% - 0:55
2 - 40% - 40% - 0:37
Last Minute Offensive  - 0:00
Last Minute Defensive  - 0:00
Total
Forward - 60:00
Defense - 60:00

% Time on Ice - SEATTLE Kraken

Lines # - Real PCT - Wanted PCT - Time Play
Normal Forward
1 - 30% - 40% - 10:14
2 - 37% - 30% - 12:55
3 - 7% - 20% - 2:25
4 - 26% - 10% - 9:01
Normal Defense
1 - 41% - 40% - 14:11
2 - 32% - 30% - 11:06
3 - 27% - 20% - 9:18
4 - 0% - 10% - 0:00
PP Forward
1 - 48% - 60% - 3:50
2 - 52% - 40% - 4:06
PP Defense
1 - 56% - 60% - 4:27
2 - 44% - 40% - 3:29
PK Forward
1 - 66% - 60% - 9:56
2 - 34% - 40% - 5:07
PK Defense
1 - 60% - 60% - 9:02
2 - 40% - 40% - 6:01
PK3 Forward
1 - 85% - 60% - 0:46
2 - 15% - 40% - 0:08
PK3 Defense
1 - 50% - 60% - 0:27
2 - 50% - 40% - 0:27
44 Forward
1 - 100% - 60% - 1:32
2 - 0% - 40% - 0:00
44 Defense
1 - 37% - 60% - 0:34
2 - 63% - 40% - 0:58
Last Minute Offensive  - 0:00
Last Minute Defensive  - 0:00
Total
Forward - 60:00
Defense - 60:00

Play-by-Play

1st period


0:01 of 1st period - Luke Kunin wins face-off versus Sean Couturier in neutral zone.
0:38 of 1st period - Shot by Leon Draisaitl.
0:38 of 1st period - Stopped by Sergei Bobrovsky without a rebound.
0:39 of 1st period - Liam O'Brien wins face-off versus Nick Schmaltz in SEATTLE Kraken zone.
0:56 of 1st period - Shot by Sean Monahan.
0:56 of 1st period - Shot Misses the Net.
1:45 of 1st period - Joel Hanley is hit by Adam Erne and loses puck.
1:56 of 1st period - Shot by Mathieu Olivier.
1:56 of 1st period - Shot Blocked by Joel Edmundson.
2:09 of 1st period - Adam Erne is hit by Jordan Gross and loses puck.
2:21 of 1st period - Sam Gagner is hit by Joel Hanley and loses puck.
2:23 of 1st period - Minor Penalty to Jordan Gross for Roughing.
2:24 of 1st period - Nick Schmaltz wins face-off versus Brendan Lemieux in SEATTLE Kraken zone.
2:24 of 1st period - Claude Giroux is hit by Jakub Zboril and loses puck.
3:40 of 1st period - Joel Edmundson is hit by Radko Gudas and loses puck.
4:40 of 1st period - Shot by Wayne Simmonds.
4:40 of 1st period - Shot Misses the Net.
4:42 of 1st period - Shot by Givani Smith.
4:42 of 1st period - Stopped by Connor Hellebuyck without a rebound.
4:43 of 1st period - Matty Beniers wins face-off versus Chris Tierney in PHILADELPHIA Flyers zone.
4:48 of 1st period - Shot by Liam O'Brien.
4:48 of 1st period - Stopped by Connor Hellebuyck without a rebound.
4:49 of 1st period - Sean Couturier wins face-off versus Matty Beniers in PHILADELPHIA Flyers zone.
4:49 of 1st period - Sean Couturier is hit by Liam O'Brien.
5:10 of 1st period - Jake Gardiner is hit by Leon Draisaitl and loses puck.
5:19 of 1st period - Shot by Matt Martin.
5:19 of 1st period - Shot Misses the Net.
5:21 of 1st period - Shot by Radko Gudas.
5:21 of 1st period - Shot Misses the Net.
5:36 of 1st period - Shot by Mathieu Olivier.
5:36 of 1st period - Stopped by Connor Hellebuyck without a rebound.
5:37 of 1st period - Zack MacEwen wins face-off versus Nick Schmaltz in PHILADELPHIA Flyers zone.
5:57 of 1st period - Zack MacEwen is hit by Shea Weber and loses puck.
6:18 of 1st period - Shot by Nick Schmaltz.
6:18 of 1st period - Shot Misses the Net.
6:49 of 1st period - Shot by Adam Erne.
6:49 of 1st period - Stopped by Sergei Bobrovsky with a rebound.
7:36 of 1st period - Minor Penalty to Radko Gudas for High sticking.
7:37 of 1st period - Nick Schmaltz wins face-off versus Brendan Lemieux in SEATTLE Kraken zone.
7:56 of 1st period - Shot by Claude Giroux.
7:56 of 1st period - Stopped by Sergei Bobrovsky without a rebound.
7:57 of 1st period - Nick Schmaltz wins face-off versus Jordan Greenway in SEATTLE Kraken zone.
8:44 of 1st period - Shot by Adam Erne.
8:44 of 1st period - Stopped by Sergei Bobrovsky without a rebound.
8:45 of 1st period - Brendan Lemieux wins face-off versus Sean Monahan in SEATTLE Kraken zone.
9:47 of 1st period - Shot by Givani Smith.
9:47 of 1st period - Shot Blocked by Jakub Voracek.
9:54 of 1st period - Mathieu Olivier is hit by Joel Edmundson and loses puck.
10:04 of 1st period - Icing by Joel Edmundson.
10:05 of 1st period - Chris Tierney wins face-off versus Matty Beniers in PHILADELPHIA Flyers zone.
10:20 of 1st period - Shot by Chris Tierney.
10:20 of 1st period - Stopped by Sergei Bobrovsky with a rebound.
11:11 of 1st period - Leon Draisaitl is hit by Radko Gudas and loses puck.
11:16 of 1st period - Shot by Claude Giroux.
11:16 of 1st period - Shot Blocked by Radko Gudas.
11:28 of 1st period - Shot by Brendan Lemieux.
11:28 of 1st period - Shot Misses the Net.
11:31 of 1st period - Icing by Ben Chiarot.
11:32 of 1st period - Sean Couturier wins face-off versus Wayne Simmonds in PHILADELPHIA Flyers zone.
11:58 of 1st period - Minor Penalty to Nick Schmaltz for Tripping.
11:59 of 1st period - Leon Draisaitl wins face-off versus Luke Kunin in PHILADELPHIA Flyers zone.
12:22 of 1st period - Shot by Radko Gudas.
12:22 of 1st period - Stopped by Connor Hellebuyck without a rebound.
12:23 of 1st period - Leon Draisaitl wins face-off versus Matty Beniers in PHILADELPHIA Flyers zone.
12:23 of 1st period - Leon Draisaitl is hit by Wayne Simmonds.
13:13 of 1st period - Icing by Radko Gudas.
13:14 of 1st period - Luke Kunin wins face-off versus Leon Draisaitl in SEATTLE Kraken zone.
13:36 of 1st period - Shot by Luke Kunin.
13:36 of 1st period - Shot Misses the Net.
13:38 of 1st period - Shot by Jordan Greenway.
13:38 of 1st period - Stopped by Connor Hellebuyck without a rebound.
13:39 of 1st period - Leon Draisaitl wins face-off versus Matty Beniers in PHILADELPHIA Flyers zone.
13:39 of 1st period - Leon Draisaitl is hit by Matt Martin.
14:00 of 1st period - Minor Penalty to Justin Schultz for Slashing.
14:01 of 1st period - Leon Draisaitl wins face-off versus Luke Kunin in PHILADELPHIA Flyers zone.
15:01 of 1st period - Icing by Matt Martin.
15:02 of 1st period - Matty Beniers wins face-off versus Jonathan Drouin in SEATTLE Kraken zone.
15:06 of 1st period - Off-side.
15:07 of 1st period - Leon Draisaitl wins face-off versus Matty Beniers in neutral zone.
15:52 of 1st period - Icing by Radko Gudas.
15:53 of 1st period - Leon Draisaitl wins face-off versus Matty Beniers in SEATTLE Kraken zone.
16:04 of 1st period - Shot by Brendan Lemieux.
16:04 of 1st period - Deflect By Luke Kunin.
16:04 of 1st period - Stopped by Connor Hellebuyck without a rebound.
16:05 of 1st period - Luke Kunin wins face-off versus Sam Gagner in PHILADELPHIA Flyers zone.
16:22 of 1st period - Arber Xhekaj is hit by Adam Erne and loses puck.
16:47 of 1st period - Shot by Brendan Lemieux.
16:47 of 1st period - Stopped by Connor Hellebuyck with a rebound.
17:15 of 1st period - Shot by Matty Beniers.
17:15 of 1st period - Stopped by Connor Hellebuyck with a rebound.
17:23 of 1st period - Shot by Matty Beniers.
17:23 of 1st period - Shot Blocked by Noah Juulsen.
17:25 of 1st period - Shot by Liam O'Brien.
17:25 of 1st period - Shot Misses the Net.
17:39 of 1st period - Shot by Matty Beniers.
17:39 of 1st period - Shot Blocked by Joel Edmundson.
17:41 of 1st period - Shot by Liam O'Brien.
17:41 of 1st period - Shot Misses the Net.
17:50 of 1st period - Icing by Joel Edmundson.
17:51 of 1st period - Mathieu Olivier wins face-off versus Sean Couturier in PHILADELPHIA Flyers zone.
17:57 of 1st period - Wayne Simmonds is hit by Noah Juulsen and loses puck.
18:01 of 1st period - Wayne Simmonds is hit by Noah Juulsen and loses puck.
18:06 of 1st period - Shot by Mathieu Olivier.
18:06 of 1st period - Stopped by Connor Hellebuyck without a rebound.
18:07 of 1st period - Nick Schmaltz wins face-off versus Zack MacEwen in PHILADELPHIA Flyers zone.
18:18 of 1st period - Shot by Ryan Kesler.
18:18 of 1st period - Stopped by Connor Hellebuyck without a rebound.
18:19 of 1st period - Matty Beniers wins face-off versus Chris Tierney in PHILADELPHIA Flyers zone.
19:17 of 1st period - Icing by Arber Xhekaj.
19:18 of 1st period - Sean Couturier wins face-off versus Luke Kunin in SEATTLE Kraken zone.
19:30 of 1st period - Shot by Sean Couturier.
19:30 of 1st period - Stopped by Sergei Bobrovsky with a rebound.
19:33 of 1st period - Minor Penalty to Arber Xhekaj for Interference.
19:34 of 1st period - Mike Hoffman wins face-off versus Brendan Lemieux in SEATTLE Kraken zone.
19:59 of 1st period - Shot by Mike Hoffman.
19:59 of 1st period - Stopped by Sergei Bobrovsky without a rebound.
Goals for this period are 0 for PHILADELPHIA Flyers vs 0 for SEATTLE Kraken.
Shots for this period are 7 for PHILADELPHIA Flyers vs 10 for SEATTLE Kraken.

2nd period


0:01 of 2nd period - Claude Giroux wins face-off versus Brendan Lemieux in neutral zone.
0:18 of 2nd period - Shot by Leon Draisaitl.
0:18 of 2nd period - Stopped by Sergei Bobrovsky without a rebound.
0:19 of 2nd period - Brendan Lemieux wins face-off versus Sean Monahan in SEATTLE Kraken zone.
0:32 of 2nd period - Shot by Justin Schultz.
0:32 of 2nd period - Goal by Justin Schultz - PHILADELPHIA Flyers : 1 - SEATTLE Kraken : 0.
0:33 of 2nd period - Matty Beniers wins face-off versus Sean Couturier in neutral zone.
0:44 of 2nd period - Shot by Claude Giroux.
0:44 of 2nd period - Stopped by Sergei Bobrovsky with a rebound.
1:43 of 2nd period - Icing by Jake Gardiner.
1:44 of 2nd period - Matty Beniers wins face-off versus Sam Gagner in SEATTLE Kraken zone.
1:53 of 2nd period - Shot by Jonathan Drouin.
1:53 of 2nd period - Stopped by Sergei Bobrovsky without a rebound.
1:54 of 2nd period - Nick Schmaltz wins face-off versus Luke Kunin in SEATTLE Kraken zone.
2:01 of 2nd period - Shot by Brendan Lemieux.
2:01 of 2nd period - Shot Misses the Net.
2:07 of 2nd period - Shot by Jordan Greenway.
2:07 of 2nd period - Shot Misses the Net.
2:09 of 2nd period - Shot by Brendan Lemieux.
2:09 of 2nd period - Deflect By Luke Kunin.
2:09 of 2nd period - Stopped by Connor Hellebuyck without a rebound.
2:10 of 2nd period - Sean Couturier wins face-off versus Mathieu Olivier in PHILADELPHIA Flyers zone.
2:14 of 2nd period - Shea Weber is hit by Wayne Simmonds and loses puck.
2:27 of 2nd period - Shot by Wayne Simmonds.
2:27 of 2nd period - Stopped by Connor Hellebuyck with a rebound.
2:40 of 2nd period - Minor Penalty to Jordan Gross for Cross-checking.
2:41 of 2nd period - Sean Monahan wins face-off versus Brendan Lemieux in SEATTLE Kraken zone.
2:44 of 2nd period - Shot by Adam Erne.
2:44 of 2nd period - Stopped by Sergei Bobrovsky with a rebound.
2:46 of 2nd period - Shot by Sean Monahan.
2:46 of 2nd period - Stopped by Sergei Bobrovsky without a rebound.
2:47 of 2nd period - Brendan Lemieux wins face-off versus Sean Monahan in SEATTLE Kraken zone.
2:47 of 2nd period - Brendan Lemieux is hit by Adam Erne.
2:53 of 2nd period - Adam Erne is hit by Brendan Lemieux.
3:26 of 2nd period - Off-side.
3:27 of 2nd period - Leon Draisaitl wins face-off versus Brendan Lemieux in neutral zone.
3:30 of 2nd period - Jakub Zboril is hit by Claude Giroux.
3:34 of 2nd period - Shot by Brendan Lemieux.
3:34 of 2nd period - Deflect By Luke Kunin.
3:34 of 2nd period - Shot Misses the Net.
4:31 of 2nd period - Shot by Adam Erne.
4:31 of 2nd period - Stopped by Sergei Bobrovsky without a rebound.
4:32 of 2nd period - Sean Monahan wins face-off versus Brendan Lemieux in SEATTLE Kraken zone.
5:13 of 2nd period - Shot by Wayne Simmonds.
5:13 of 2nd period - Deflect By Mathieu Olivier.
5:13 of 2nd period - Stopped by Connor Hellebuyck without a rebound.
5:14 of 2nd period - Liam O'Brien wins face-off versus Sean Couturier in PHILADELPHIA Flyers zone.
5:27 of 2nd period - Shot by Leon Draisaitl.
5:27 of 2nd period - Stopped by Sergei Bobrovsky without a rebound.
5:28 of 2nd period - Luke Kunin wins face-off versus Nick Schmaltz in SEATTLE Kraken zone.
5:30 of 2nd period - Icing by Joel Hanley.
5:31 of 2nd period - Sean Couturier wins face-off versus Luke Kunin in SEATTLE Kraken zone.
5:32 of 2nd period - Shot by Claude Giroux.
5:32 of 2nd period - Stopped by Sergei Bobrovsky with a rebound.
5:34 of 2nd period - Shot by Shea Weber.
5:34 of 2nd period - Shot Misses the Net.
5:53 of 2nd period - Leon Draisaitl is hit by Jordan Gross and loses puck.
6:03 of 2nd period - Icing by Luke Kunin.
6:04 of 2nd period - Luke Kunin wins face-off versus Nick Schmaltz in SEATTLE Kraken zone.
6:21 of 2nd period - Shot by Nick Schmaltz.
6:21 of 2nd period - Stopped by Sergei Bobrovsky without a rebound.
6:22 of 2nd period - Sam Gagner wins face-off versus Matty Beniers in SEATTLE Kraken zone.
6:33 of 2nd period - Adam Erne is hit by Matt Martin and loses puck.
7:20 of 2nd period - Icing by Noah Juulsen.
7:21 of 2nd period - Luke Kunin wins face-off versus Sam Gagner in PHILADELPHIA Flyers zone.
7:34 of 2nd period - Shot by Jordan Greenway.
7:34 of 2nd period - Stopped by Connor Hellebuyck without a rebound.
7:35 of 2nd period - Sean Couturier wins face-off versus Zack MacEwen in PHILADELPHIA Flyers zone.
7:52 of 2nd period - Shot by Sean Couturier.
7:52 of 2nd period - Stopped by Sergei Bobrovsky without a rebound.
7:53 of 2nd period - Nick Schmaltz wins face-off versus Matty Beniers in SEATTLE Kraken zone.
7:53 of 2nd period - Justin Schultz is hit by Radko Gudas and loses puck.
8:00 of 2nd period - Shot by Nick Schmaltz.
8:00 of 2nd period - Stopped by Sergei Bobrovsky without a rebound.
8:01 of 2nd period - Sean Couturier wins face-off versus Jordan Greenway in SEATTLE Kraken zone.
8:09 of 2nd period - Minor Penalty to Radko Gudas for Holding.
8:10 of 2nd period - Brendan Lemieux wins face-off versus Nick Schmaltz in SEATTLE Kraken zone.
8:10 of 2nd period - Brendan Lemieux is hit by Nick Schmaltz.
8:19 of 2nd period - Icing by Alexander Edler.
8:20 of 2nd period - Brendan Lemieux wins face-off versus Nick Schmaltz in PHILADELPHIA Flyers zone.
8:20 of 2nd period - Brendan Lemieux is hit by Shea Weber.
8:52 of 2nd period - Icing by Shea Weber.
8:53 of 2nd period - Brendan Lemieux wins face-off versus Nick Schmaltz in PHILADELPHIA Flyers zone.
9:10 of 2nd period - Shot by Nick Schmaltz.
9:10 of 2nd period - Stopped by Sergei Bobrovsky with a rebound.
9:12 of 2nd period - Shot by Nick Schmaltz.
9:12 of 2nd period - Deflect By Leon Draisaitl.
9:12 of 2nd period - Stopped by Sergei Bobrovsky with a rebound.
9:14 of 2nd period - Shot by Shea Weber.
9:14 of 2nd period - Shot Misses the Net.
10:13 of 2nd period - Shot by Jakub Voracek.
10:13 of 2nd period - Shot Blocked by Jakub Zboril.
10:15 of 2nd period - Shot by Chris Tierney.
10:15 of 2nd period - Stopped by Sergei Bobrovsky without a rebound.
10:16 of 2nd period - Chris Tierney wins face-off versus Mathieu Olivier in SEATTLE Kraken zone.
10:36 of 2nd period - Minor Penalty to Givani Smith for Interference.
10:37 of 2nd period - Brendan Lemieux wins face-off versus Claude Giroux in SEATTLE Kraken zone.
11:06 of 2nd period - Off-side.
11:07 of 2nd period - Sean Monahan wins face-off versus Jordan Greenway in neutral zone.
12:33 of 2nd period - Shot by Matt Martin.
12:33 of 2nd period - Deflect By Jordan Greenway.
12:33 of 2nd period - Stopped by Connor Hellebuyck without a rebound.
12:34 of 2nd period - Nick Schmaltz wins face-off versus Brendan Lemieux in PHILADELPHIA Flyers zone.
12:46 of 2nd period - Icing by Mathieu Olivier.
12:47 of 2nd period - Sean Couturier wins face-off versus Mathieu Olivier in SEATTLE Kraken zone.
12:57 of 2nd period - Jake Gardiner is hit by Joel Edmundson and loses puck.
13:42 of 2nd period - Shot by Sean Monahan.
13:42 of 2nd period - Shot Misses the Net.
13:48 of 2nd period - Shot by Shea Weber.
13:48 of 2nd period - Stopped by Sergei Bobrovsky without a rebound.
13:49 of 2nd period - Matty Beniers wins face-off versus Sam Gagner in SEATTLE Kraken zone.
13:56 of 2nd period - Jordan Gross is hit by Adam Erne and loses puck.
14:40 of 2nd period - Matt Martin is hit by Ben Chiarot and loses puck.
14:54 of 2nd period - Icing by Ben Chiarot.
14:55 of 2nd period - Luke Kunin wins face-off versus Nick Schmaltz in PHILADELPHIA Flyers zone.
14:56 of 2nd period - Shot by Brendan Lemieux.
14:56 of 2nd period - Stopped by Connor Hellebuyck without a rebound.
14:57 of 2nd period - Sean Couturier wins face-off versus Luke Kunin in PHILADELPHIA Flyers zone.
15:33 of 2nd period - Shot by Leon Draisaitl.
15:33 of 2nd period - Stopped by Sergei Bobrovsky with a rebound.
15:54 of 2nd period - Icing by Sean Monahan.
15:55 of 2nd period - Mathieu Olivier wins face-off versus Nick Schmaltz in PHILADELPHIA Flyers zone.
16:13 of 2nd period - Shot by Givani Smith.
16:13 of 2nd period - Stopped by Connor Hellebuyck without a rebound.
16:14 of 2nd period - Matty Beniers wins face-off versus Sam Gagner in PHILADELPHIA Flyers zone.
16:30 of 2nd period - Shot by Joel Hanley.
16:30 of 2nd period - Deflect By Matty Beniers.
16:30 of 2nd period - Shot Blocked by Noah Juulsen.
16:42 of 2nd period - Shot by Joel Edmundson.
16:42 of 2nd period - Shot Misses the Net.
16:44 of 2nd period - Shot by Adam Erne.
16:44 of 2nd period - Shot Misses the Net.
16:46 of 2nd period - Shot by Joel Edmundson.
16:46 of 2nd period - Stopped by Sergei Bobrovsky without a rebound.
16:47 of 2nd period - Claude Giroux wins face-off versus Luke Kunin in SEATTLE Kraken zone.
16:58 of 2nd period - Shot by Brendan Lemieux.
16:58 of 2nd period - Shot Blocked by Claude Giroux.
17:22 of 2nd period - Shot by Jordan Greenway.
17:22 of 2nd period - Shot Blocked by Claude Giroux.
17:37 of 2nd period - Minor Penalty to Givani Smith for Holding.
17:38 of 2nd period - Sean Monahan wins face-off versus Brendan Lemieux in SEATTLE Kraken zone.
17:39 of 2nd period - Shot by Mike Hoffman.
17:39 of 2nd period - Shot Misses the Net.
17:48 of 2nd period - Icing by Alexander Edler.
17:49 of 2nd period - Sean Monahan wins face-off versus Brendan Lemieux in PHILADELPHIA Flyers zone.
18:08 of 2nd period - Shot by Adam Erne.
18:08 of 2nd period - Shot Misses the Net.
18:14 of 2nd period - Alexander Edler is hit by Brendan Lemieux and loses puck.
18:42 of 2nd period - Minor Penalty to Matt Martin for Slashing.
18:43 of 2nd period - Nick Schmaltz wins face-off versus Jordan Greenway in SEATTLE Kraken zone.
18:44 of 2nd period - Shot by Leon Draisaitl.
18:44 of 2nd period - Shot Blocked by Jordan Greenway.
18:52 of 2nd period - Shot by Claude Giroux.
18:52 of 2nd period - Shot Blocked by Joel Hanley.
18:54 of 2nd period - Shot by Ben Chiarot.
18:54 of 2nd period - Stopped by Sergei Bobrovsky without a rebound.
18:55 of 2nd period - Nick Schmaltz wins face-off versus Jordan Greenway in SEATTLE Kraken zone.
18:58 of 2nd period - Shot by Claude Giroux.
18:58 of 2nd period - Deflect By Leon Draisaitl.
18:58 of 2nd period - Stopped by Sergei Bobrovsky without a rebound.
18:59 of 2nd period - Nick Schmaltz wins face-off versus Jordan Greenway in SEATTLE Kraken zone.
18:59 of 2nd period - Leon Draisaitl is hit by Radko Gudas.
19:13 of 2nd period - Shot by Jordan Greenway.
19:13 of 2nd period - Shot Blocked by Leon Draisaitl.
19:28 of 2nd period - Off-side.
19:29 of 2nd period - Sean Monahan wins face-off versus Luke Kunin in neutral zone.
Goals for this period are 1 for PHILADELPHIA Flyers vs 0 for SEATTLE Kraken.
Shots for this period are 20 for PHILADELPHIA Flyers vs 7 for SEATTLE Kraken.

3rd period


0:01 of 3rd period - Leon Draisaitl wins face-off versus Brendan Lemieux in neutral zone.
0:33 of 3rd period - Icing by Leon Draisaitl.
0:34 of 3rd period - Claude Giroux wins face-off versus Jordan Greenway in PHILADELPHIA Flyers zone.
0:58 of 3rd period - Shot by Wayne Simmonds.
0:58 of 3rd period - Stopped by Connor Hellebuyck without a rebound.
0:59 of 3rd period - Chris Tierney wins face-off versus Zack MacEwen in PHILADELPHIA Flyers zone.
0:59 of 3rd period - Chris Tierney is hit by Brendan Lemieux.
1:02 of 3rd period - Ben Chiarot is hit by Zack MacEwen and loses puck.
1:11 of 3rd period - Shot by Chris Tierney.
1:11 of 3rd period - Stopped by Sergei Bobrovsky with a rebound.
1:19 of 3rd period - Shot by Jakub Voracek.
1:19 of 3rd period - Stopped by Sergei Bobrovsky without a rebound.
1:20 of 3rd period - Matty Beniers wins face-off versus Sean Couturier in SEATTLE Kraken zone.
1:20 of 3rd period - Matty Beniers is hit by Claude Giroux.
1:23 of 3rd period - Icing by Radko Gudas.
1:24 of 3rd period - Matty Beniers wins face-off versus Sean Couturier in SEATTLE Kraken zone.
1:49 of 3rd period - Shot by Leon Draisaitl.
1:49 of 3rd period - Shot Misses the Net.
1:56 of 3rd period - Claude Giroux is hit by Radko Gudas and loses puck.
2:27 of 3rd period - Off-side.
2:28 of 3rd period - Nick Schmaltz wins face-off versus Mathieu Olivier in neutral zone.
2:39 of 3rd period - Shot by Givani Smith.
2:39 of 3rd period - Stopped by Connor Hellebuyck without a rebound.
2:40 of 3rd period - Luke Kunin wins face-off versus Sam Gagner in PHILADELPHIA Flyers zone.
2:43 of 3rd period - Shot by Brendan Lemieux.
2:43 of 3rd period - Deflect By Luke Kunin.
2:43 of 3rd period - Stopped by Connor Hellebuyck without a rebound.
2:44 of 3rd period - Mike Hoffman wins face-off versus Luke Kunin in PHILADELPHIA Flyers zone.
2:49 of 3rd period - Shot by Nick Schmaltz.
2:49 of 3rd period - Goal by Nick Schmaltz - PHILADELPHIA Flyers : 2 - SEATTLE Kraken : 0.
2:50 of 3rd period - Nick Schmaltz wins face-off versus Luke Kunin in neutral zone.
3:19 of 3rd period - Shot by Brendan Lemieux.
3:19 of 3rd period - Shot Blocked by Ben Chiarot.
3:57 of 3rd period - Minor Penalty to Shea Weber for Cross-checking.
3:58 of 3rd period - Leon Draisaitl wins face-off versus Matty Beniers in PHILADELPHIA Flyers zone.
4:19 of 3rd period - Icing by Radko Gudas.
4:20 of 3rd period - Leon Draisaitl wins face-off versus Matty Beniers in SEATTLE Kraken zone.
4:26 of 3rd period - Icing by Matt Martin.
4:27 of 3rd period - Leon Draisaitl wins face-off versus Matty Beniers in SEATTLE Kraken zone.
5:34 of 3rd period - Shot by Brendan Lemieux.
5:34 of 3rd period - Shot Misses the Net.
5:52 of 3rd period - Icing by Jordan Greenway.
5:53 of 3rd period - Luke Kunin wins face-off versus Leon Draisaitl in SEATTLE Kraken zone.
7:05 of 3rd period - Shot by Nick Schmaltz.
7:05 of 3rd period - Shot Misses the Net.
7:10 of 3rd period - Minor Penalty to Arber Xhekaj for Holding.
7:11 of 3rd period - Nick Schmaltz wins face-off versus Brendan Lemieux in SEATTLE Kraken zone.
7:39 of 3rd period - Icing by Claude Giroux.
7:40 of 3rd period - Jordan Greenway wins face-off versus Nick Schmaltz in PHILADELPHIA Flyers zone.
7:47 of 3rd period - Shot by Jordan Greenway.
7:47 of 3rd period - Stopped by Connor Hellebuyck without a rebound.
7:48 of 3rd period - Brendan Lemieux wins face-off versus Mike Hoffman in PHILADELPHIA Flyers zone.
8:55 of 3rd period - Shot by Claude Giroux.
8:55 of 3rd period - Stopped by Sergei Bobrovsky without a rebound.
8:56 of 3rd period - Jordan Greenway wins face-off versus Nick Schmaltz in SEATTLE Kraken zone.
9:13 of 3rd period - Shot by Josh Leivo.
9:13 of 3rd period - Stopped by Sergei Bobrovsky without a rebound.
9:14 of 3rd period - Chris Tierney wins face-off versus Mathieu Olivier in SEATTLE Kraken zone.
9:20 of 3rd period - Minor Penalty to Josh Leivo for Delaying the game.
9:21 of 3rd period - Matty Beniers wins face-off versus Leon Draisaitl in PHILADELPHIA Flyers zone.
9:28 of 3rd period - Shot by Radko Gudas.
9:28 of 3rd period - Deflect By Matty Beniers.
9:28 of 3rd period - Stopped by Connor Hellebuyck without a rebound.
9:29 of 3rd period - Luke Kunin wins face-off versus Leon Draisaitl in PHILADELPHIA Flyers zone.
9:44 of 3rd period - Icing by Radko Gudas.
9:45 of 3rd period - Luke Kunin wins face-off versus Leon Draisaitl in SEATTLE Kraken zone.
10:15 of 3rd period - Shot by Claude Giroux.
10:15 of 3rd period - Stopped by Sergei Bobrovsky without a rebound.
10:16 of 3rd period - Matty Beniers wins face-off versus Leon Draisaitl in SEATTLE Kraken zone.
10:57 of 3rd period - Matty Beniers is hit by Leon Draisaitl and loses puck.
11:36 of 3rd period - Shot by Joel Hanley.
11:36 of 3rd period - Stopped by Connor Hellebuyck without a rebound.
11:37 of 3rd period - Nick Schmaltz wins face-off versus Luke Kunin in PHILADELPHIA Flyers zone.
11:37 of 3rd period - Nick Schmaltz is hit by Jordan Greenway.
11:52 of 3rd period - Alexander Edler is hit by Radko Gudas and loses puck.
11:57 of 3rd period - Shot by Nick Schmaltz.
11:57 of 3rd period - Stopped by Sergei Bobrovsky without a rebound.
11:58 of 3rd period - Sam Gagner wins face-off versus Wayne Simmonds in SEATTLE Kraken zone.
12:06 of 3rd period - Jonathan Drouin is hit by Arber Xhekaj and loses puck.
12:36 of 3rd period - Icing by Ben Chiarot.
12:37 of 3rd period - Sam Gagner wins face-off versus Matty Beniers in PHILADELPHIA Flyers zone.
13:05 of 3rd period - Shot by Matty Beniers.
13:05 of 3rd period - Shot Blocked by Shea Weber.
13:07 of 3rd period - Shot by Matt Martin.
13:07 of 3rd period - Stopped by Connor Hellebuyck without a rebound.
13:08 of 3rd period - Sean Couturier wins face-off versus Luke Kunin in PHILADELPHIA Flyers zone.
13:17 of 3rd period - Shot by Leon Draisaitl.
13:17 of 3rd period - Shot Misses the Net.
13:27 of 3rd period - Shot by Claude Giroux.
13:27 of 3rd period - Shot Misses the Net.
13:29 of 3rd period - Shot by Claude Giroux.
13:29 of 3rd period - Shot Blocked by Jake Gardiner.
13:31 of 3rd period - Shot by Alexander Edler.
13:31 of 3rd period - Shot Blocked by Radko Gudas.
13:33 of 3rd period - Shot by Justin Schultz.
13:33 of 3rd period - Stopped by Sergei Bobrovsky without a rebound.
13:34 of 3rd period - Matty Beniers wins face-off versus Nick Schmaltz in SEATTLE Kraken zone.
13:34 of 3rd period - Matt Martin is hit by Nick Schmaltz.
14:07 of 3rd period - Matty Beniers is hit by Joel Edmundson and loses puck.
14:13 of 3rd period - Matt Martin is hit by Joel Edmundson and loses puck.
14:28 of 3rd period - Joel Edmundson is hit by Matt Martin.
14:36 of 3rd period - Matty Beniers is hit by Joel Edmundson and loses puck.
14:57 of 3rd period - Shot by Luke Kunin.
14:57 of 3rd period - Stopped by Connor Hellebuyck with a rebound.
15:05 of 3rd period - Shot by Jordan Greenway.
15:05 of 3rd period - Shot Misses the Net.
15:21 of 3rd period - Shot by Luke Kunin.
15:21 of 3rd period - Shot Misses the Net.
15:23 of 3rd period - Shot by Radko Gudas.
15:23 of 3rd period - Stopped by Connor Hellebuyck without a rebound.
15:24 of 3rd period - Chris Tierney wins face-off versus Mathieu Olivier in PHILADELPHIA Flyers zone.
15:24 of 3rd period - Chris Tierney is hit by Mathieu Olivier.
15:44 of 3rd period - Chris Tierney is hit by Jordan Gross and loses puck.
15:59 of 3rd period - Shot by Josh Leivo.
15:59 of 3rd period - Stopped by Sergei Bobrovsky without a rebound.
16:00 of 3rd period - Zack MacEwen wins face-off versus Sean Couturier in SEATTLE Kraken zone.
16:02 of 3rd period - Icing by Radko Gudas.
16:03 of 3rd period - Sean Couturier wins face-off versus Zack MacEwen in SEATTLE Kraken zone.
16:10 of 3rd period - Shot by Claude Giroux.
16:10 of 3rd period - Stopped by Sergei Bobrovsky without a rebound.
16:11 of 3rd period - Sean Couturier wins face-off versus Luke Kunin in SEATTLE Kraken zone.
16:24 of 3rd period - Shot by Leon Draisaitl.
16:24 of 3rd period - Stopped by Sergei Bobrovsky without a rebound.
16:25 of 3rd period - Matty Beniers wins face-off versus Nick Schmaltz in SEATTLE Kraken zone.
16:25 of 3rd period - Matty Beniers is hit by Mike Hoffman.
16:35 of 3rd period - Shot by Liam O'Brien.
16:35 of 3rd period - Stopped by Connor Hellebuyck without a rebound.
16:36 of 3rd period - Luke Kunin wins face-off versus Sean Couturier in PHILADELPHIA Flyers zone.
16:59 of 3rd period - Shot by Luke Kunin.
16:59 of 3rd period - Deflect By Jordan Greenway.
16:59 of 3rd period - Stopped by Connor Hellebuyck with a rebound.
17:39 of 3rd period - Ben Chiarot is hit by Arber Xhekaj.
17:56 of 3rd period - Shot by Jakub Zboril.
17:56 of 3rd period - Deflect By Matty Beniers.
17:56 of 3rd period - Stopped by Connor Hellebuyck without a rebound.
17:57 of 3rd period - Mathieu Olivier wins face-off versus Chris Tierney in PHILADELPHIA Flyers zone.
18:20 of 3rd period - Shot by Chris Tierney.
18:20 of 3rd period - Stopped by Sergei Bobrovsky without a rebound.
18:21 of 3rd period - Brendan Lemieux wins face-off versus Nick Schmaltz in SEATTLE Kraken zone.
18:27 of 3rd period - Minor Penalty to Ryan Kesler for High sticking.
18:27 of 3rd period - Minor Penalty to Justin Schultz for Tripping.
18:28 of 3rd period - Luke Kunin wins face-off versus Leon Draisaitl in PHILADELPHIA Flyers zone.
18:29 of 3rd period - Shot by Jordan Greenway.
18:29 of 3rd period - Shot Blocked by Alexander Edler.
18:39 of 3rd period - Shot by Leon Draisaitl.
18:39 of 3rd period - Shot Misses the Net.
18:41 of 3rd period - Shot by Ben Chiarot.
18:41 of 3rd period - Stopped by Sergei Bobrovsky without a rebound.
18:42 of 3rd period - Leon Draisaitl wins face-off versus Luke Kunin in SEATTLE Kraken zone.
18:47 of 3rd period - Shot by Leon Draisaitl.
18:47 of 3rd period - Shot Blocked by Jakub Zboril.
18:49 of 3rd period - Shot by Leon Draisaitl.
18:49 of 3rd period - Shot Blocked by Luke Kunin.
18:55 of 3rd period - Shot by Leon Draisaitl.
18:55 of 3rd period - Shot Blocked by Jakub Zboril.
18:57 of 3rd period - Shot by Claude Giroux.
18:57 of 3rd period - Shot Misses the Net.
19:07 of 3rd period - Shot by Jordan Greenway.
19:07 of 3rd period - Stopped by Connor Hellebuyck without a rebound.
19:08 of 3rd period - Leon Draisaitl wins face-off versus Luke Kunin in PHILADELPHIA Flyers zone.
19:15 of 3rd period - Shot by Claude Giroux.
19:15 of 3rd period - Stopped by Sergei Bobrovsky with a rebound.
19:27 of 3rd period - Icing by Leon Draisaitl.
19:28 of 3rd period - Leon Draisaitl wins face-off versus Luke Kunin in PHILADELPHIA Flyers zone.
Goals for this period are 1 for PHILADELPHIA Flyers vs 0 for SEATTLE Kraken.
Shots for this period are 14 for PHILADELPHIA Flyers vs 13 for SEATTLE Kraken. Output by the SimonT Hockey Simulator (STHS) for Martin Benoit - Original Page W3C HTML5 Valid
Hockey Simulator - Hockey Simulation - Hockey Manager